 Dungeon Crawl Stone Soup version 0.27-a0-1136-g0b992a5a9d (webtiles) character file.

Game seed: 4790961625023353172

4055 Goblin1989 the Sneak (level 10, -6/76 HPs)
             Began as a Demonspawn Delver on May 4, 2021.
             Was a Follower of Uskayaw.
             Mangled by a gargoyle
             ... wielding a +2 mace of holy wrath
              (24 damage)
             ... on level 9 of the Dungeon.
             The game lasted 00:23:56 (11288 turns).

Goblin1989 the Sneak (Demonspawn Delver)           Turns: 11288, Time: 00:23:56

Health: -6/76      AC: 16    Str: 15    XL:     10   Next: 4%
Magic:  14/14      EV:  9    Int: 11    God:    Uskayaw [*.....]
Gold:   731        SH: 11    Dex: 16    Spells: 9/9 levels left

rFire    + . .     SeeInvis +   F - +1 dagger (elec)
rCold    . . .     Faith    .   C - +2 kite shield
rNeg     + . .     Spirit   .   B - +6 chain mail "Gosank" {Rampage}
rPois    .         Reflect  .   (helmet unavailable)
rElec    .         Harm     .   (no cloak)
rCorr    .         Rampage  +   (no gloves)
Will     .....                  Z - +0 pair of boots
Stlth    ++........             (no amulet)
HPRegen  0.22/turn              E - ring of positive energy
MPRegen  0.14/turn              f - ring of protection from fire

@: mighty
A: antennae 3, sturdy frame 2
a: Renounce Religion, Stomp


You were on level 9 of the Dungeon.
You worshipped Uskayaw.
Uskayaw was noncommittal.
You visited 1 branch of the dungeon, and saw 9 of its levels.

You collected 731 gold pieces.

Inventory:

Hand Weapons
 A - a +0 hand crossbow
 F - a +1 dagger of electrocution (weapon)
 L - a +1 dagger of draining
 N - a +1 dagger of draining
 W - a +1 short sword of flaming
Missiles
 z - 104 bolts
 K - 191 stones {@Q3}
 O - 27 poisoned darts (quivered)
 S - 10 javelins {@Q2}
Armour
 h - a +0 cloak
 l - +0 steam dragon scales
 r - a +0 cloak
 t - a +0 cloak
 v - the +2 robe of a Labyrinth {rElec rC- Dex+4}
   (You found it on level 6 of the Dungeon)

   It affects your dexterity (+4).
   It makes you vulnerable to cold.
   It insulates you from electricity.
 B - the +6 chain mail "Gosank" (worn) {Rampage}
   (You found it on level 4 of the Dungeon)

   It bestows one free step when moving towards enemies.
 C - a +2 kite shield (worn)
 Z - a +0 pair of boots (worn)
Jewellery
 f - a ring of protection from fire (right hand)
 k - a +6 ring of dexterity
 s - a ring of see invisible
 y - a ring of ice
 E - a ring of positive energy (left hand)
 J - a ring of fire
 T - a +6 ring of intelligence
Wands
 g - a wand of digging (8) {@v1}
 D - a wand of mindburst (1)
Scrolls
 c - a scroll of fog
 i - a scroll of blinking {unknown}
 j - a scroll of holy word {unknown}
 q - a scroll of summoning {unknown}
 u - a scroll of noise {unknown}
 w - 2 scrolls of fear
 x - a scroll of enchant armour {unknown}
 I - 3 scrolls of amnesia {unknown}
 M - 3 scrolls of magic mapping
 Q - 3 scrolls of teleportation {unknown}
 R - a scroll of vulnerability {unknown}
Potions
 m - 2 potions of lignification
 n - a potion of haste {@q3,}
 o - a potion of ambrosia {unknown}
 p - 2 potions of mutation {unknown}
 G - 2 potions of resistance
 H - 2 potions of cancellation
 P - a potion of attraction
 U - a potion of heal wounds
 X - 2 potions of magic
 Y - 6 potions of curing {@q1}


   Skills:
 + Level 6.1 Fighting
 * Level 7.0 Short Blades
 - Level 1.0 Throwing
 + Level 4.3 Armour
 + Level 5.1 Dodging
 - Level 7.0 Stealth
 + Level 4.4 Shields
 + Level 5.4 Invocations


You had 9 spell levels left.
You didn't know any spells.
Your spell library contained the following spells:

 Spells                   Type           Power      Damage    Failure   Level
 Apportation              Tloc           0%         N/A       100%        1
 Beastly Appendage        Tmut           0%         N/A       100%        1
 Magic Dart               Conj           0%         1d3       100%        1
 Shock                    Conj/Air       0%         1d3       100%        1
 Searing Ray              Conj           0%         3d3       100%        2
 Static Discharge         Conj/Air       0%         N/A       100%        2
 Wereblood                Tmut           0%         N/A       100%        2
 Dazzling Flash           Conj/Hex       0%         N/A       100%        3
 Lesser Beckoning         Tloc           0%         N/A       100%        3
 Spider Form              Tmut/Pois      0%         N/A       100%        3
 Swiftness                Air            0%         N/A       100%        3
 Tukima's Dance           Hex            0%         N/A       100%        3
 Airstrike                Air            0%         N/A       100%        4
 Fulminant Prism          Conj/Hex       0%         3d6       100%        4
 Ice Form                 Ice/Tmut       0%         N/A       100%        4
 Iskenderun's Mystic Bla  Conj/Tloc      0%         2d3       100%        4
 Alistair's Intoxication  Tmut/Pois      0%         N/A       100%        5
 Hydra Form               Tmut           0%         N/A       100%        5
 Lightning Bolt           Conj/Air       0%         1d11      100%        5
 Invisibility             Hex            0%         N/A       100%        6


Dungeon Overview and Level Annotations

Branches:
Dungeon (9/15)             Temple (0/1) D:5
   Lair: D:8-11         Orc: D:9-12

Altars:
Ashenzari
Elyvilon
Gozag
Kikubaaqudgha
Makhleb
Ru
Uskayaw
Vehumet
Yredelemnul
Zin
The Shining One
Beogh

Shops:
D:1 (   D:3 *   D:7 ?


Innate Abilities, Weirdness & Mutations

You have a pair of large antennae on your head. (SInv)
Your movements are less encumbered by armour. (ER -4)


Message History

Lightning courses through the killer bee!
You kill the killer bee!
The killer bee closely misses you.
Your Short Blades skill increases to level 7!
You barely miss the killer bee.
The killer bee stings you but does no damage.
You miss the killer bee.
The killer bee stings you but does no damage.
The killer bee completely misses you.
You barely miss the killer bee. The killer bee barely misses you.
You block the killer bee's attack.
You hit the killer bee.
The killer bee is moderately wounded.
You block the killer bee's attack.
The killer bee stings you but does no damage.
You miss the killer bee.
The killer bee is moderately wounded.
The killer bee barely misses you.
You closely miss the killer bee.
The killer bee is moderately wounded.
You block the killer bee's attack. x2
You miss the killer bee.
The killer bee is lightly wounded.
You block the killer bee's attack. The killer bee stings you.
You take 1 damage, and have 59/76 hp.
You miss the killer bee.
The killer bee is lightly wounded.
You block the killer bee's attack.
You closely miss the killer bee.
The killer bee is lightly wounded.
You block the killer bee's attack. The killer bee completely misses you.
You hit the killer bee but do no damage.
Lightning courses through the killer bee!!
You kill the killer bee!
Uskayaw will force your foes to helplessly watch your dance.
Uskayaw prepares the audience for your solo!
The helpless killer bee fails to defend itself.
You stick the killer bee like a pincushion!!!
You kill the killer bee!
You rampage towards the killer bee!
The helpless killer bee fails to defend itself.
You perforate the killer bee like a sieve!!!
Lightning courses through the killer bee!
You kill the killer bee!
Uskayaw will force your foes to share their pain.
Aiming: Mindburst
Press: ? - help, Shift-Dir - straight line, f - gargoyle
Aim: a gargoyle, wielding a +2 mace of holy wrath (chance to affect: 48%)
The gargoyle resists with some effort.
The sentinel's mark upon you fades away.
Aiming: Mindburst
Press: ? - help, Shift-Dir - straight line, f/p - gargoyle
Aim: a gargoyle, wielding a +2 mace of holy wrath (chance to affect: 48%)
The gargoyle resists with some effort.
You hit the gargoyle.
The gargoyle is lightly damaged.
The gargoyle hits you with a +2 mace of holy wrath!
You convulse.
Uskayaw will force your foes to share their pain.
You take 15 damage, and have 46/76 hp.
You barely miss the gargoyle.
The gargoyle is lightly damaged.
The gargoyle hits you but does no damage.
You hit the gargoyle but do no damage.
The gargoyle is lightly damaged.
The gargoyle hurls a stone arrow at you.
The stone arrow misses you.
The gargoyle hurls a stone arrow at you.
The stone arrow hits you!
* * * LOW HITPOINT WARNING * * *
There is an open door here.
You take 12 damage, and have 34/76 hp.
The gargoyle hurls a stone arrow at you.
You block the stone arrow.
You feel much better.
You regained 13 hp, and now have 47/76 hp.
You can no longer pass through a line of other dancers.
You feel very mighty all of a sudden.
The gargoyle hits you with a +2 mace of holy wrath!!
* * * LOW HITPOINT WARNING * * *
You convulse!!
* * * LOW HITPOINT WARNING * * *
You take 39 damage, and have 10/76 hp.
MASSIVE DAMAGE!!
You puncture the gargoyle!
The gargoyle is moderately damaged.
The gargoyle closely misses you.
You feel much better.
The gargoyle hurls a stone arrow at you.
The stone arrow hits you but does no damage.
You regained 23 hp, and now have 34/76 hp.
You hit the gargoyle.
The gargoyle is heavily damaged.
The gargoyle hurls a stone arrow at you.
You block the stone arrow.
You hit the gargoyle but do no damage.
The gargoyle is moderately damaged.
The gargoyle hits you with a +2 mace of holy wrath!
* * * LOW HITPOINT WARNING * * *
You convulse!!
You die... █.████████ █........█ █.██████.█ █.█ █.█ █████ █.█ █.█ ████

█...█ ███.██████.█
≈≈≈█████...███████..........█
....†..∆.......9.█.█.████.█.█
≈≈≈█████...█████@█.█....█.█.█████
≈≈≈█ █...█ █.█.█....█.█......
≈≈≈█ █...█ █.█.██...█.███████
≈≈≈█ █...█ ██∆█▲█....█.█......
≈≈≈█ █...█ █.....██.██........
≈≈≈█ █...█ █..................
≈≈≈█ █...█ █........███.......
≈≈≈█


█████ █......█........... ≈≈≈████████████......█.█......... You could see a
gargoyle.

Vanquished Creatures
  Pikel (D:6)
  A steam dragon (D:8)
  3 water moccasins
  An acid dragon (D:8)
  A sky beast (D:5)
  An orc warrior (D:6)
  A black bear (D:7)
  2 ogres
  A necrophage (D:6)
  2 centaurs
  A lemure (D:5)
  A kobold brigand (D:7)
  4 bullfrogs
  A wyvern zombie (D:6)
  2 scorpions (D:5)
  A wyvern skeleton (D:7)
  2 water moccasin skeletons
  14 killer bees
  4 wights (D:8)
  An electric eel (D:9)
  A centaur zombie (D:7)
  6 orc priests
  2 hounds
  2 jellies
  2 bullfrog skeletons
  A centaur skeleton (D:7)
  4 iguanas
  4 orc wizards
  A killer bee zombie (D:8)
  3 gnolls (D:3)
  A howler monkey skeleton (D:5)
  9 adders
  A white imp (D:5)
  2 ufetubi
  An adder zombie (D:5)
  2 worms
  3 dart slugs
  29 orcs
  6 ball pythons
  4 bats
  7 endoplasms
  2 giant cockroaches (D:1)
  18 goblins
  5 hobgoblins
  8 jackals
  2 quokkas
  A frilled lizard (D:3)
  12 kobolds
  7 rats
191 creatures vanquished.

Vanquished Creatures (others)
  11 plants (D:9)
11 creatures vanquished.

Grand Total: 202 creatures vanquished

Notes
Turn   | Place    | Note
-------+----------+-------------------------------------------
     0 | D:5      | Goblin1989 the Demonspawn Delver began the quest for the
                  | Orb.
     0 | D:5      | Reached XP level 1. HP: 18/18 MP: 1/1
    42 | D:5      | Reached skill level 5 in Stealth
    42 | D:5      | Gained mutation: You have a pair of small antennae on your
                  | head. [demonic ancestry]
    42 | D:5      | Reached XP level 2. HP: 19/24 MP: 2/2
   228 | D:3      | Found a radiant altar of Vehumet.
   301 | D:3      | Reached skill level 1 in Throwing
   301 | D:3      | Reached XP level 3. HP: 10/29 MP: 3/3
   309 | D:3      | Reached XP level 4. HP: 12/35 MP: 4/4
  1626 | D:1      | Found Boox's Antique Weapon Shoppe.
  1901 | D:1      | You fall into a shaft and drop 1 floor!
  1987 | D:1      | Found a faded altar of an unknown god.
  2149 | D:2      | You fall into a shaft and drop 2 floors!
  2258 | D:2      | Gained mutation: You have a pair of antennae on your head.
                  | [demonic ancestry]
  2258 | D:2      | Reached XP level 5. HP: 16/41 MP: 5/5
  3228 | D:3      | Noticed a +0 short sword
  3228 | D:3      | Noticed a +0 dagger
  3230 | D:3      | Noticed a +0 short sword
  3236 | D:3      | Noticed a +0 falchion
  3236 | D:3      | Noticed a +0 dagger
  3236 | D:3      | Noticed a +0 falchion
  3488 | D:3      | Found a hide-covered altar of Uskayaw.
  3488 | D:3      | Noticed a +0 spear
  3490 | D:3      | Noticed a +0 spear
  3492 | D:3      | Became a worshipper of Uskayaw the Reveller
  3580 | D:3      | Found Jileon's Assorted Antiques.
  3595 | D:3      | Reached * piety under Uskayaw
  3702 | D:3      | Reached ** piety under Uskayaw
  4138 | D:4      | Identified the +6 chain mail "Gosank" {Rampage}
  4230 | D:4      | Reached XP level 6. HP: 45/47 MP: 6/6
  4440 | D:5      | Reached skill level 1 in Shields
  4730 | D:5      | Noticed a sky beast
  4785 | D:5      | Killed a sky beast
  4786 | D:5      | Reached skill level 1 in Armour
  5147 | D:5      | Gained mutation: Your movements are slightly less
                  | encumbered by armour. (ER -2) [demonic ancestry]
  5147 | D:5      | Reached XP level 7. HP: 32/53 MP: 7/7
  5957 | D:4      | Reached *** piety under Uskayaw
  6637 | D:5      | Found a staircase to the Ecumenical Temple.
  6773 | D:6      | Reached skill level 1 in Invocations
  6773 | D:6      | Gained mutation: Your movements are less encumbered by
                  | armour. (ER -4) [demonic ancestry]
  6773 | D:6      | Reached XP level 8. HP: 42/61 MP: 8/8
  6799 | D:6      | Noticed Pikel
  7545 | D:6      | Killed Pikel
  7546 | D:6      | Reached skill level 5 in Fighting
  7546 | D:6      | Reached skill level 5 in Short Blades
  7902 | D:6      | Identified the +2 robe of a Labyrinth {rElec rC- Dex+4}
  7941 | D:6      | Reached XP level 9. HP: 67/68 MP: 11/11
  8037 | D:6      | Found an opulent altar of Gozag.
  8746 | D:7      | Reached **** piety under Uskayaw
  9198 | D:7      | Found Ceschijo's Magic Scroll Shop.
  9514 | D:7      | Found a burning altar of Makhleb.
  9516 | D:7      | Noticed a blizzard demon
  9516 | D:7      | Noticed an angel
  9765 | D:8      | Found an ancient bone altar of Kikubaaqudgha.
  9842 | D:8      | Found a broken altar of Ashenzari.
 10146 | D:8      | Reached skill level 5 in Invocations
 10506 | D:9      | Found a basalt altar of Yredelemnul.
 10829 | D:9      | Reached skill level 5 in Dodging
 10837 | D:9      | Reached ***** piety under Uskayaw
 10937 | D:9      | Found a sacrificial altar of Ru.
 10971 | D:9      | Noticed a gargoyle
 11250 | D:9      | Gained mutation: You have a pair of large antennae on your
                  | head. (SInv) [demonic ancestry]
 11250 | D:9      | Reached XP level 10. HP: 58/76 MP: 14/14
 11288 | D:9      | Mangled by a gargoyle

Illustrated notes

Levels and vault maps discovered:
D:1:      dpeg_arrival_more_subterranean_lakeside_camping, layout_basic,
          chequers_ecumenical_altar_simple, serial_shops,
          nicolae_shop_overgrown_old_shop
D:2:      cheibrodos_greedy_goblins, layout_basic
D:3:      layout_rooms, nicolae_uskayaw_en_pointe, grunt_temple_overflow_open,
          serial_shops, nicolae_shop_behind_doors
D:4:      layout_loops_ring, kennysheep_orc_chapel
D:5:      layout_loops_ring, temple_hall_moat, corexii_shack,
          grunt_decor_clamped
D:6:      layout_rooms, grunt_gozag_statues, uniq_pikel
D:7:      layout_loops_corners, grunt_temple_overflow_order_and_chaos_2,
          serial_shops, shop
D:8:      layout_loops_ring, chequers_temple_overflow_statue_of_worship
D:9:      kennysheep_housing_project, layout_basic, hangedman_ru_absence,
          old_standard_altar, minmay_crystal_room

Skill      XL: |  1  2  3  4  5  6  7  8  9 10 |
---------------+-------------------------------+-----
Stealth        | 5 6 7 |  7.0
Throwing       | 1 |  1.0
Short Blades   | 2 3 4 5 6 7 |  7.0
Dodging        | 2 3 4 5 |  5.1
Shields        | 1 2 3 4 |  4.4
Armour         | 1 2 3 4 |  4.3
Fighting       | 4 5 6 |  6.1
Invocations    | 1 3 5 |  5.4

Action                   |  1- 3 |  4- 6 |  7- 9 | 10-12 || total
-------------------------+-------+-------+-------+-------++-------
Melee: Short sword       |    43 |   160 |       |       ||   203
       Dagger            |       |   135 |   408 |    20 ||   563
Throw: Dart              |       |    10 |    15 |       ||    25
       Stone             |       |     2 |     2 |       ||     4
       Throwing net      |       |     1 |       |       ||     1
       Javelin           |       |       |     2 |       ||     2
Evoke: Wand              |     2 |     1 |     2 |     2 ||     7
  Use: Potion            |     3 |       |       |     3 ||     6
       Scroll            |     2 |     1 |     6 |       ||     9
 Stab: Sleeping          |     1 |    13 |     9 |       ||    23
       Paralysed         |       |       |     7 |     2 ||     9
Armor: Leather armour    |     8 |    51 |       |       ||    59
       Skin              |     9 |       |       |       ||     9
       Chain mail        |       |    57 |   151 |     5 ||   213
Dodge: Dodged            |    17 |   135 |   104 |     8 ||   264
Block: Kite shield       |       |    53 |   215 |    10 ||   278

Table legend: (Time is in decaauts)
 A = Elapsed time spent in this place.
 B = Non-inter-level travel time spent in this place.
 C = Inter-level travel time spent in this place.
 D = Time resting spent in this place.
 E = Time spent auto-exploring this place.
 F = Levels seen in this place.
 G = Mean time per level.
                   A        B        C        D        E       F      G
               +--------+--------+--------+--------+--------+-----+--------+
         Total |  11288 |  10944 |    344 |   2688 |   5981 |   9 | 1254.2 |
       Dungeon |  11288 |  10944 |    344 |   2688 |   5981 |   9 | 1254.2 |
               +--------+--------+--------+--------+--------+-----+--------+

Top non-repeatable levels by time:
     D:5: 2128 daAuts
     D:3: 1535 daAuts
     D:4: 1461 daAuts
     D:7: 1438 daAuts
     D:2: 1180 daAuts
     D:1: 1051 daAuts
     D:6: 963 daAuts
     D:9: 816 daAuts
     D:8: 713 daAuts
